Cogmind - Beta 14 @@@ ROGUE MODE // 2024.08.18 @ 03:50:44 Player: Tim Result: Destroyed by EMP Trap Performance ------------- Evolutions (1) 500 Regions Visited (3) 600 Robots Destroyed (40) 200 Value Destroyed (918) 918 Prototype IDs (6) 120 Alien Tech Used (0) 0 Bonus (82) 82 TOTAL SCORE: 2420 Bonus ------- High Alert Combat Kills 82 Cogmind --------- Core Integrity 0/400 Matter 254/300 Energy 119/125 System Corruption 0% Temperature Cool (3) Movement Walking (190) Ox1 Location -9/Materials Parts ------- > --- POWER (1) -------- Light Ion Engine > --- PROPULSION (3) --- Aluminum Leg Aluminum Leg Aluminum Leg > --- UTILITY (3) ------ Large Storage Unit Seismic Detector Light Armor Plating > --- WEAPON (2) ------- Spread Laser Light Assault Rifle > --- INVENTORY (15) --- Ion Engine Aluminum Leg Aluminum Leg High-capacity Storage Unit Subdweller Optics Transport Network Coupler Medium Armor Plating Medium Armor Plating Medium Armor Plating Recalibrator Light Assault Rifle Light Assault Rifle Rocket Launcher Mining Laser Peak State ------------ > --- POWER ------------ Ion Engine > --- PROPULSION ------- Aluminum Leg Aluminum Leg > --- UTILITY ---------- Medium Storage Unit Experimental Sensor Array Recalibrator > --- WEAPON ----------- Light Assault Rifle Light Assault Rifle > --- INVENTORY -------- Ion Engine Aluminum Leg Aluminum Leg Large Storage Unit High-capacity Storage Unit Subdweller Optics Seismic Detector Mining Laser [Rating: 19] Favorites ----------- Power Ion Engine Engine Ion Engine Propulsion Aluminum Leg Leg Aluminum Leg Utility Medium Storage Unit Device Seismic Detector Storage Medium Storage Unit Processor Machine Analyzer Protection Light Armor Plating Weapon Light Assault Rifle Energy Gun EM Pulse Gun Ballistic Gun Light Assault Rifle Special Weapon Mining Laser Build | -11 -10 -10 -9 ------- Run | Yrd Mat Min Mat Slots Evolved 2 | . . . 2 Power . | . . . . Propulsion 1 | . . . 1 Utility 1 | . . . 1 Weapon . | . . . . Parts Attached 59 | 6 23 1 29 Power 6 | 1 2 . 3 Engine 6 | 1 2 . 3 Core . | . . . . Reactor . | . . . . Propulsion 13 | 2 3 . 8 Treads . | . . . . Leg 13 | 2 3 . 8 Wheel . | . . . . Hover . | . . . . Flight . | . . . . Utility 20 | 1 9 1 9 Device 9 | . 4 1 4 Storage 6 | 1 4 . 1 Processor 1 | . 1 . . Hackware . | . . . . Protection 4 | . . . 4 Artifact . | . . . . Weapon 20 | 2 9 . 9 Energy Gun 4 | 1 . . 3 Energy Cannon . | . . . . Ballistic Gun 15 | 1 8 . 6 Ballistic Cannon . | . . . . Launcher . | . . . . Special Weapon 1 | . 1 . . Impact Weapon . | . . . . Slashing Weapon . | . . . . Piercing Weapon . | . . . . Special Melee Weapon . | . . . . Unidentified Prototypes 1 | . . 1 . Parts Lost 12 | . 2 . 10 Power 4 | . 2 . 2 Propulsion 4 | . . . 4 Utility 3 | . . . 3 Weapon 1 | . . . 1 Highest Loss Streak 4 | . 1 . 4 To Critical Strikes . | . . . . Average Slot Usage (%) 97 | . 99 100 94 Engine 12 | . 13 14 10 Leg 28 | . 28 28 30 Device 10 | . 9 14 11 Storage 13 | . 14 14 11 Processor 2 | . 3 . . Protection 2 | . . . 8 Energy Gun 1 | . 1 . 1 Ballistic Gun 24 | . 26 28 20 Peak Build Rating 19 | 6 11 16 19 Average Rating 9 | 4 8 10 11 On Entrance 7 | . 6 9 16 Naked Turns . | . . . . Heaviest Build 37 | 11 21 19 37 Greatest Support 30 | 20 20 20 30 Greatest Overweight (x) 5 | 3 5 . 3 Average Overweight (x) . | . . . . Largest Inventory Capacity 15 | 8 15 10 15 Average Capacity 10 | 7 9 10 14 Most Carried 15 | 5 10 9 15 Average Carried 9 | 1 8 8 11 Final Capacity 15 | 8 10 10 15 Final Carried 14 | 2 9 9 14 Class Distribution -------------------- 53% | Mutant 46% | Scavenger-Mutant Dominant Class ---------------- Mutant | -10/Materials Scavenger-Mutant | -10/Mines Scavenger-Mutant | -9/Materials Resources | -11 -10 -10 -9 ----------- Run | Yrd Mat Min Mat Matter Collected 1181 | 222 532 46 381 Remotely . | . . . . Salvage Created 1179 | . 435 . 744 Parts 95 | . 31 . 64 Haulers Intercepted 2 | . 1 . 1 Recyclers Shooed . | . . . . Parts Field Recycled . | . . . . Retrieved Matter . | . . . . Parts Self-Destructed . | . . . . Prevented . | . . . . Kills | -11 -10 -10 -9 ------- Run | Yrd Mat Min Mat Combat Hostiles Destroyed 36 | . 12 . 24 Guns 36 | . 12 . 24 Classes Destroyed 6 | . 4 . 2 Builder 1 | . . . 1 Hauler 2 | . 1 . 1 Watcher 1 | . 1 . . Swarmer 18 | . 6 . 12 Grunt 13 | . 6 . 7 Sentry 5 | . . . 5 Best Kill Streak 5 | . 4 . 5 Combat Bots Only 5 | . 4 . 5 Max Kills in Single Turn 1 | . 1 . 1 Gunslinging . | . . . . Exploded . | . . . . Melee . | . . . . Uniques/NPCs Destroyed . | . . . . Combat | -11 -10 -10 -9 -------- Run | Yrd Mat Min Mat Hostile Shots Fired 254 | . 64 . 190 Missed 60 | . 16 . 44 Damage Taken 2135 | . 545 . 1590 Core 487 | . 82 . 405 Absorbed by Shields . | . . . . Core Remaining (%) 83 | 100 . 67 . Volleys Fired 126 | . 54 . 72 Largest 2 | . 2 . 2 Hottest 100 | . 100 . 85 Shots Fired 253 | . 108 1 144 Gun 251 | . 106 1 144 Cannon . | . . . . Launcher . | . . . . Special 2 | . 2 . . Kinetic 229 | . 106 1 122 Thermal 24 | . 2 . 22 Explosive . | . . . . Electromagnetic . | . . . . Robot Hit Streak 12 | . 12 . 10 Robot Miss Streak 5 | . 5 1 5 Penetration Max . | . . . . Secondary Targets 4 | . 1 . 3 Max Gunslinging Chain 1 | . 1 . 1 Shots Hit Robots 153 | . 54 . 99 Core Hits 89 | . 23 . 66 Critical Kills . | . . . . Critical Parts Destroyed . | . . . . Critical Strikes . | . . . . Melee Attacks . | . . . . Impact . | . . . . Slashing . | . . . . Piercing . | . . . . Sneak Attacks . | . . . . Combat Hostiles . | . . . . Follow-up Attacks . | . . . . Damage Inflicted 1630 | . 652 . 978 Guns 1541 | . 640 . 901 Cannons . | . . . . Explosions 62 | . . . 62 Melee . | . . . . Ramming 27 | . 12 . 15 Kinetic 1285 | . 640 . 645 Thermal 256 | . . . 256 Explosive 62 | . . . 62 Electromagnetic . | . . . . Impact . | . . . . Slashing . | . . . . Piercing . | . . . . Highest Corruption 4 | . 4 4 . Average Corruption 3 | . 3 4 . Corruption Purged . | . . . . Corruption Blocked . | . . . . Effects 47 | . 29 18 . Message Errors 11 | . 7 4 . Matter Fused 13 | . 7 6 . Heat Flow Errors 3 | . 2 1 . Energy Discharges 2 | . 2 . . Data Loss (minor) 10 | . 5 5 . Data Loss (major) 3 | . 2 1 . Misfires 4 | . 3 1 . Weapon Failures 1 | . 1 . . Overload Shots . | . . . . Overflow Damage 8 | . . . 8 Projectiles . | . . . . Explosions 8 | . . . 8 Melee . | . . . . Knockbacks 1 | . 1 . . Impact 1 | . 1 . . Kinetic . | . . . . Secondary . | . . . . Self-Inflicted Damage 114 | . . . 114 Shots 1 | . . . 1 Rammed . | . . . . Targets Rammed 6 | . 2 . 4 Kicked 6 | . 2 . 4 Crushed . | . . . . Highest Temperature 311 | . 177 272 311 Average Temperature 75 | . 34 127 83 Received Heat Transfer 534 | . 210 . 324 Effects 2 | . . . 2 Energy Bleed 1 | . . . 1 Interference 1 | . . . 1 Siege Activations . | . . . . Robots Corrupted . | . . . . Combat Hostiles . | . . . . Parts Fried . | . . . . Impact Corruptions . | . . . . Robots Melted . | . . . . Combat Hostiles . | . . . . Parts Melted . | . . . . Heat Transferred 320 | . . . 320 Parts Sabotaged . | . . . . Parts Stolen . | . . . . Parts Stripped . | . . . . Power Chain Reactions . | . . . . Alert | -11 -10 -10 -9 ------- Run | Yrd Mat Min Mat Peak Influence 552 | . 212 72 552 Initial 72 | . . 72 . Average 141 | . 51 55 362 Maximum Alert Level 2 | . 1 . 2 Low Security (%) 73 | 100 97 100 13 Level 1 10 | . 2 . 30 Level 2 16 | . . . 56 Level 3 . | . . . . Level 4 . | . . . . Level 5 . | . . . . High Security . | . . . . Max Security . | . . . . Squads Dispatched 8 | . 4 . 4 Investigation 6 | . 4 . 2 Extermination . | . . . . Reinforcement 2 | . . . 2 Assault . | . . . . Garrison . | . . . . Intercept . | . . . . Searches Triggered . | . . . . Construction Impeded . | . . . . Haulers Reinforced . | . . . . Active Scanning Responses . | . . . . Cargo Convoy Interrupts . | . . . . Stealth | -11 -10 -10 -9 --------- Run | Yrd Mat Min Mat Distress Signals 3 | . 2 . 1 Communications Jammed . | . . . . Distress Signals . | . . . . Times Spotted 64 | . 25 . 39 Peak Tracking Total 8 | . 4 . 8 Tactical Retreats 8 | . 3 . 5 Traps | -11 -10 -10 -9 ------- Run | Yrd Mat Min Mat Traps Triggered 5 | . 4 . 1 Indirectly . | . . . . Trap Hack Attempts . | . . . . Triggered . | . . . . Disarmed . | . . . . Reprogrammed . | . . . . Reused . | . . . . Traps Extracted . | . . . . Installed . | . . . . Triggered . | . . . . Machines | -11 -10 -10 -9 ---------- Run | Yrd Mat Min Mat Machines Disabled 2 | . . . 2 Max in Single Turn 2 | . . . 2 Machines Repaired . | . . . . Machines Dismantled . | . . . . Machines Sabotaged . | . . . . Overloaded Fab Kills . | . . . . Hacking | -11 -10 -10 -9 --------- Run | Yrd Mat Min Mat Machines Accessed 11 | . 7 . 4 Terminals 9 | . 6 . 3 Fabricators . | . . . . Repair Stations . | . . . . Recycling Units 1 | . 1 . . Scanalyzers 1 | . . . 1 Garrison Access . | . . . . Total Hacks 39 | . 26 . 13 Successful 22 | . 15 . 7 Failed 17 | . 11 . 6 Catastrophic 1 | . 1 . . Database Lockouts . | . . . . Manual 7 | . 5 . 2 Terminals 32 | . 23 . 9 Fabricators . | . . . . Repair Stations . | . . . . Recycling Units 3 | . 3 . . Scanalyzers 4 | . . . 4 Garrison Access . | . . . . Terminal Hacks 16 | . 13 . 3 Record 1 | . 1 . . Robot Analysis 1 | . . . 1 Prototype ID Bank 3 | . 2 . 1 Branch Access Points 1 | . 1 . . Emergency Access Points 2 | . 1 . 1 Terminal Index 1 | . 1 . . Scanalyzer Index 1 | . 1 . . Locate Traps 4 | . 4 . . Zone Layout 2 | . 2 . . Fabricator Hacks . | . . . . Repair Station Hacks . | . . . . Recycling Unit Hacks 2 | . 2 . . Report Inventory 1 | . 1 . . Retrieve Components 1 | . 1 . . Scanalyzer 4 | . . . 4 Insert Component 2 | . . . 2 Analyze 2 | . . . 2 Garrison Access Hacks . | . . . . Unauthorized Hacks . | . . . . Terminals . | . . . . Fabricators . | . . . . Repair Stations . | . . . . Recycling Units . | . . . . Scanalyzers . | . . . . Garrison Access . | . . . . Data Cores Recovered . | . . . . Used . | . . . . Hacking Detections 10 | . 6 . 4 Full Trace Events 4 | . 2 . 2 Feedback Events . | . . . . Feedback Blocked . | . . . . Robot Schematics Acquired . | . . . . Robots Built . | . . . . Authchips . | . . . . Time . | . . . . Total Robot Build Rating . | . . . . Part Schematics Acquired 2 | . . . 2 Parts Built . | . . . . Authchips . | . . . . Time . | . . . . Total Part Build Rating . | . . . . Parts Repaired . | . . . . Time . | . . . . Parts Recycled . | . . . . Recycled Matter . | . . . . Retrieved Matter . | . . . . Retrieved Components 10 | . 10 . . Parts Scanalyzed 2 | . . . 2 Part Schematics Acquired 2 | . . . 2 Parts Damaged . | . . . . Bothacking | -11 -10 -10 -9 ------------ Run | Yrd Mat Min Mat Used RIF Installer . | . . . . Robots Hacked . | . . . . Non-combat . | . . . . Combat . | . . . . Robot Hacks Applied . | . . . . Relay Couplers Released . | . . . . Fabnet Peak Effective % . | . . . . Robots Rewired . | . . . . Allies Hacked . | . . . . Hacks Repelled . | . . . . Allies | -11 -10 -10 -9 -------- Run | Yrd Mat Min Mat Total Allies . | . . . . Largest Group . | . . . . Highest-Rated Group . | . . . . Highest-Rated Ally . | . . . . Total Orders . | . . . . Ally Attacks . | . . . . Total Damage . | . . . . Kills . | . . . . Allies Corrupted . | . . . . Allies Melted . | . . . . Intel | -11 -10 -10 -9 ------- Run | Yrd Mat Min Mat Robot Analysis Total 1 | . . . 1 Derelict Logs Recovered 1 | . . 1 . Drone Launches . | . . . . Drone Recoveries . | . . . . Exploration | -11 -10 -10 -9 ------------- Run | Yrd Mat Min Mat Turns Passed 4632 | 69 2698 522 1343 Spaces Moved 2268 | 51 1200 424 593 Core 20 | 18 2 . . Treads . | . . . . Legs 2248 | 33 1198 424 593 Wheels . | . . . . Hover . | . . . . Flight . | . . . . Fastest Speed 50 | 50 120 120 120 Average Speed 130 | 109 135 120 131 Slowest Speed 330 | 200 300 120 330 Overloaded Moves . | . . . . Propulsion Burnouts . | . . . . Robots Hopped . | . . . . Cave-ins Triggered . | . . . . Exploration Rate (%) 58 | 3 99 86 45 Regions Visited 3 Branch Regions 1 Pre-discovered Areas 1 | . . 1 . Known Exits Taken 1 | . 1 . . Unknown Exits Taken 2 | 1 . 1 . Scrap Searched 1 | . . 1 . Spaces Dug 2 | . 2 . . Terrain Destroyed 33 | . 2 . 31 Melee . | . . . . Projectile 2 | . 2 . . AOE 31 | . . . 31 Terrain Rammed . | . . . . Walls Destroyed . | . . . . Machines Disabled . | . . . . Actions | -11 -10 -10 -9 --------- Run | Yrd Mat Min Mat Total 3724 | 64 2182 437 1041 Wait 1179 | . 861 11 307 Move 2265 | 50 1199 423 593 Hop . | . . . . Pick Up 57 | 8 24 1 24 Fast Attach 1 | . 1 . . Attach 25 | 6 4 . 15 Detach 3 | . . . 3 Swap 33 | . 18 1 14 Drop 29 | . 19 1 9 Fire 126 | . 54 . 72 Melee . | . . . . Ram . | . . . . Kick 6 | . 2 . 4 Crush . | . . . . Escape Stasis . | . . . . Rewire . | . . . . Trap . | . . . . Miscellaneous . | . . . . Route ------- -11/Scrapyard -10/Materials (discovered 6 exits: *Mat x3 / *Min x2 / [*Sub]) -10/Mines (discovered 2 exits: *Mat x2) -9/Materials (discovered 1 exit: [*Mat]) History --------- Turn | Location | Event 7 | -11/Scrapyard | Discovered new exit (range 15) 70 | -11/Scrapyard | Entered Materials 103 | -10/Materials | Identified exit to Mines 117 | -10/Materials | Discovered new exit (range 13) 322 | -10/Materials | Build established: Mutant 512 | -10/Materials | Discovered new exit (range 10) 1070 | -10/Materials | Derelicts attacked the area 1528 | -10/Materials | Discovered new exit (range 19) 2451 | -10/Materials | Discovered new exit (range 9) 2615 | -10/Materials | Build established: Scavenger-Mutant 2768 | -10/Materials | Entered Mines 3114 | -10/Mines | Discovered new exit (range 8) 3156 | -10/Mines | Found a damaged Exp. Sensor Array with a note attached 3159 | -10/Mines | Found Prototype Device 3160 | -10/Mines | Identified Exp. Sensor Array 3208 | -10/Mines | Received a Rocket Launcher from a helpful Derelict 3273 | -10/Mines | Discovered new exit (range 7) 3290 | -10/Mines | Entered Materials 3290 | -9/Materials | Evolved 2 slots: Propulsion x1, Utility x1 3579 | -9/Materials | Core integrity fell below 50% 3961 | -9/Materials | Core integrity fell below 20% 3994 | -9/Materials | Lost 4 parts (2n1u1w) 4206 | -9/Materials | Discovered new exit (range 12) 4633 | -9/Materials | Destroyed by EMP Trap Last Messages --------------- 04206_ EXIT=FOUND 04217_ R-06 Scavenger inserts Lgt. Assault Rifle into recycling unit. 04221_ Recycling unit begins recycling process. 04246_ Critical hit (Burn: +37). 04249_ Lgt. Ion Engine destroyed. 04258_ Y-45 Defender destroyed. 04263_ Acquired 8 matter. 04274_ R-06 Scavenger collects Hvy. Assault Rifle. 04275_ R-06 Scavenger collects Imp. Ion Engine. 04278_ R-06 Scavenger collects Lgt. Treads. 04318_ Connecting with Terminal... 04318_ ALERT: Suspicious activity at Terminal M009. Dispatching Investigation squad. 04516_ A-02 Transporter destroyed. 04522_ Acquired Transport Network Coupler. 04525_ Acquired Med. Armor Plating. 04554_ G-34 Mercenary destroyed. 04566_ Acquired Aluminum Leg. 04621_ K-01 Serf cleans the Electrolysis Chamber. 04633_ Triggered EMP Trap. 04633_ A bubble of electromagnetic force engulfs the area. Map ----- +----------------------------------------------------+ | | | ????????????????????????????????????????????###### | | #########???????????????????????????????????# | | # """" #???????????????????????????????????# | | # """" #???????????????????????????????????# | | # """" #??????????????#############????????# """" | | # #????????????? """ # #????????# """" | | # #????????????? "R" # < #????????# """" | | #%* ! #????????????# " " # #????????###### | | ###+#####????????????# """ + #?????????????? | | !%! ##############?# """ # #?????????##### | | # """ #?? """ # #?????????# "" | | #### # """ "T" #?? """ # ########??# "" | | ???# # """ #??? # # """ #??# "" | | ???# + """ #????##### ## # """ #??# | | ???# # #????????##?# # """ #??# | | ??## ########################## %+ #??# | | ??# ######????# #[ #??##### | | ??# ###### # #?????# | | ??# "" ########?????# | | ??# ################## ^ Y" ############## | | ??######????????????????# ""u # # | | ????????????????????????# # """ """ # | | ????????????????????????# !! # """"""""" + | | ????????????????????????# ! ^ # """"" # | | ????????????????????????#@ # # | | ????????????????????????# """ ############## | | ????????????????????????# """ ############## | | ????????????????????????# """ | | ????????????????????????# k | | ????????????????????????# | | ????????????????????? k ############ #####+### | | ???????????????????? #??????????# #?? ? | | ????????????????????? #??????????# #?# """ | | ?????????????????????#### #??????????# #?# "T" | | ????????????????????????# #??????????# #?# | | ????????????????????????# #??????????# #?# ! | | ????????????????????????? #??????????# #?# | | ?????????????????????????k #??????????? ??####### | | ????????????????????????? #??????????? ????????? | | ????????????????????????? ???????????? ????????? | | ???????????????????????????????????????? ????????? | | ???????????????????????????????????????? ????????? | | ???????????????????????????????????????? ????????? | | ???????????????????????????????????????? ????????? | | ?????????????????????????????????????????????????? | | ?????????????????????????????????????????????????? | | ???????????????????????????????????????????????##+ | | ?????????????????????????????????????????????? | | ?????????????????????????????????????????????? | +----------------------------------------------------+ Best States ------------- Heat Dissipation 28 Energy Generation 10 Energy Capacity 250 Matter Stores 300 Matter Capacity 300 Sight Range 21 Robot Scan Range 20 Terrain Scan Density 10 Armor Coverage 375 Evasion (%) 55 Item Schematics ----------------- Hcp. Storage Unit | -9/Materials | Scanalyzed Med. Armor Plating | -9/Materials | Scanalyzed Robot Schematics ------------------ None Fabricated ------------ Nothing Alien Tech Used ----------------- None Achievements -------------- None Challenges ------------ None Game ------ Seed DeuteriumMultinovaPrototype Manual? 0 Play Time 00:44:58 Cumulative 18.8 hours Start 2024.08.18 @ 03:05:59 End 2024.08.18 @ 03:50:44 Sessions 1 Manual Loads 0 Difficulty Rogue Special Mode None Game No. 39 Rogue 39 Adventurer 0 Explorer 0 Win Type - Total 0 Types 0/0/0/0/0/0/0/0/0 Lore% 11 Gallery% 15 Achievement% 13 Wizard Run 0 Options --------- Layout 0 ASCII 0 Keyboard 0 Movement Numpad Keybinds 0 Fullscreen 2 Font 24/Smallcaps Map View 113x50 Zoom Use 0% Tactical HUD 1 Map Filters NONE Filters NONE Steam 1 RUN: dc465505-602f-47d5-bc99-f8035b81c799